 Dungeon Crawl Stone Soup version 0.19.0-24-gb05acd6 (webtiles) character file.

23 XO4YCPATb the Changer (level 2, -2/12 HPs)
             Began as a Felid Transmuter on Nov 20, 2016.
             Hit by a stone thrown by a kobold (3 damage)
             ... on level 1 of the Dungeon.
             The game lasted 00:02:35 (1117 turns).

XO4YCPATb the Changer (Felid Transmuter)            Turns: 1117, Time: 00:02:36

Health: -2/12      AC:  1    Str:  6    XL:     2   Next: 72%
Magic:  6/6        EV: 18    Int: 14    God:
Gold:   54         SH:  0    Dex: 16    Spells: 2 memorised, 2 levels left
                                        Lives:  0   Deaths: 0

rFire  . . .     SeeInvis +       - Unarmed
rCold  . . .     Gourm    .     (armour unavailable)
rNeg   . . .     Faith    .     (shield unavailable)
rPois  .         Spirit   .     (helmet unavailable)
rElec  .         Reflect  .     (cloak unavailable)
rCorr  .         Harm     .     (gloves unavailable)
MR     .....                    (boots unavailable)
Stlth  ++........               (no amulet)
                                (no ring)
                                (no ring)

@: quick
A: no armour, no weapons or thrown items, stealth, claws 1, fangs 3, see
invisible, carnivore 3, speed 1, shaggy fur 1, slow metabolism 1, sharp paws
a: no special abilities


You were on level 1 of the Dungeon.
You were completely stuffed.

You visited 1 branch of the dungeon, and saw 2 of its levels.

You collected 54 gold pieces.

Inventory:

Missiles
 a - 12 arrows
Potions
 e - a potion of brilliance {unknown}
 f - a potion of curing {unknown}
Books
 b - a book of Changes

   Spells                             Type                      Level
   a - Beastly Appendage              Transmutation                1
   b - Sticks to Snakes               Transmutation                2
   c - Spider Form                    Transmutation/Poison         3
   d - Ice Form                       Ice/Transmutation            4
   e - Blade Hands                    Transmutation                5
Comestibles
 c - a meat ration
 d - 6 chunks of flesh


   Skills:
 - Level 1.0 Fighting
 - Level 2.6 Dodging
 - Level 3.0 Unarmed Combat
 - Level 2.0 Spellcasting
 + Level 3.7 Transmutations


You had 2 spell levels left.
You knew the following spells:

 Your Spells              Type           Power        Failure   Level  Hunger
a - Beastly Appendage     Tmut           ##....       6%          1    ##.....
b - Sticks to Snakes      Tmut           ##......     10%         2    ###....


Dungeon Overview and Level Annotations

Branches:
Dungeon (2/15)

Altars:


Innate Abilities, Weirdness & Mutations

You cannot wear armour.
You are incapable of wielding weapons or throwing items.
Your paws allow you to move quietly. (Stealth)
You have sharp claws.
You have razor-sharp teeth.
You have supernaturally acute eyesight. (SInv)
You are carnivorous and can eat meat at any time.
You cover ground quickly.
You are covered in fur. (AC +1)
You have a slow metabolism.
Your sharp claws are effective at attacking unaware monsters.


Message History

You closely miss the goblin. The goblin hits you with a club.
Ouch! That really hurt!
You scratch the goblin.
You kill the goblin!
A goblin comes into view. It is wielding a club.
You see here a club.
A kobold comes into view. It is wielding a dagger.
Some of the chunks of flesh in your inventory have rotted away.
A kobold is nearby!
The kobold shouts!
The goblin shouts!
The kobold throws a stone.
The stone misses you.
You scratch the kobold.
The kobold is severely wounded.
The kobold hits you with a dagger.
* * * LOW HITPOINT WARNING * * *
You are too injured to fight recklessly!
The kobold throws a stone.
The stone misses you.
Found a stone staircase leading down.
The kobold throws a stone.
The stone hits you.
You die...

......#...........)...###$.##
.................##)......(..
#########........##...##...#
#.<#.......(..........#
##+###..#....................
.....'..#.......g........#.#.
..#..######..K.#####.....# #
.###....##...#...# #.....#
..#.....#....###@# #.....#
⌠.#.⌠.#.#.#.. #.# #.l...#
......#.#.## #.# #......
#...###.# #.. ........# ...
#...##### ...# ).....# ..>.
......# ....# #..####


You could see a kobold.

Vanquished Creatures
  A dart slug (D:1)
  A giant cockroach (D:2)
  5 goblins (D:1)
  2 hobgoblins (D:1)
  2 kobolds (D:1)
  A ball python (D:2)
  5 bats
  A frilled lizard (D:2)
  A rat (D:1)
19 creatures vanquished.

Notes
Turn   | Place    | Note
-------+----------+-------------------------------------------
     0 | D:1      | XO4YCPATb the Felid Transmuter began the quest for the Orb.
     0 | D:1      | Reached XP level 1. HP: 9/9 MP: 4/4
   548 | D:2      | Reached XP level 2. HP: 10/12 MP: 6/6
   599 | D:2      | Learned a level 2 spell: Sticks to Snakes
  1117 | D:1      | Hit by a stone thrown by a kobold

Skill      XL: |  1 |
---------------+----+-----
Transmutations | 3 |  3.7
Fighting       | |  1.0
Dodging        | |  2.6
Unarmed Combat | |  3.0
Spellcasting   | |  2.0

Action                   || total
-------------------------++-------
Melee: Unarmed           ||    77
       Bite              ||     3
       Punch             ||     2
  Use: Potion            ||     2
 Stab: Sleeping          ||     1
  Eat: Chunk             ||     8
Armor: Skin              ||     9
Dodge: Dodged            ||   115
